Map: 젠 - 래더

Players

Patience - Winner!

  • Race: Protoss Protoss
  • Spawn Location: 1:00

Astrea

  • Race: Protoss Protoss
  • Spawn Location: 7:00

Event: IEM Katowice 2020

VOD

Have the link to the VOD?

Description

Time

  • Played on: Feb. 24, 2020, 5:21 a.m.
  • Length: 7:04

All games in this series

Show
View Real Time Build Order
Export as new Build Order

Patience Protoss - Winner!

Build Orders:  

Get SALT Encoding   

  12  0:00  Probe  
  13  0:13  Probe  
  14  0:17  Pylon  
  14  0:25  Probe (Chrono Boost)  
  15  0:37  Probe (Chrono Boost)  
  15  0:38  Gateway  
  16  0:43  Probe (Chrono Boost)  
  16  0:46  Assimilator  
  17  0:51  Probe  
  17  0:54  Assimilator  
  18  1:03  Probe (Chrono Boost)  
  19  1:08  Gateway  
  19  1:12  Probe (Chrono Boost)  
  19  1:17  Probe (Chrono Boost)  
  21  1:26  Cybernetics Core  
  21  1:29  Probe  
  22  1:36  Pylon  
  22  1:41  Probe  
  23  2:02  Stalker x2  
  23  2:03  Warp Gate  
  27  2:10  Probe  
  28  2:17  Pylon  
  28  2:22  Robotics Facility  
  28  2:36  Adept x2  
  32  2:43  Shield Battery  
  32  3:06  Warp Prism (Chrono Boost)  
  34  3:20  Nexus  
  34  3:39  Immortal (Chrono Boost)  
  34  3:52  Gateway  
  34  3:55  Sentry x2  
  38  4:00  Pylon  
  38  4:16  Immortal (Chrono Boost)  
  42  4:26  Sentry x2  
  46  4:37  Probe  
  46  4:38  Probe  
  48  4:49  Adept x3  
  53  5:06  Pylon  
  52  5:12  Adept x2  
  52  5:14  Sentry  
  57  5:33  Probe x2  
  59  5:37  Adept x3  
  63  6:06  Adept  
  57  6:19  Adept x2  
  57  6:31  Probe  
  52  6:39  Adept x3  
  52  6:44  Probe x2  
  54  7:00  Adept x3  
Show
View Real Time Build Order
Export as new Build Order

Astrea Protoss 

Build Orders:  

Get SALT Encoding   

  12  0:00  Probe  
  13  0:12  Probe  
  14  0:17  Pylon  
  14  0:25  Probe (Chrono Boost)  
  15  0:37  Probe (Chrono Boost)  
  15  0:38  Gateway  
  16  0:44  Probe (Chrono Boost)  
  16  0:46  Assimilator  
  17  0:51  Probe  
  17  0:54  Assimilator  
  18  1:03  Probe (Chrono Boost)  
  19  1:07  Gateway  
  19  1:12  Probe (Chrono Boost)  
  19  1:17  Probe (Chrono Boost)  
  20  1:25  Cybernetics Core  
  21  1:29  Probe  
  22  1:34  Pylon  
  22  1:41  Probe  
  23  1:53  Probe  
  24  1:58  Warp Gate (Chrono Boost)  
  24  2:01  Sentry, Stalker  
  24  2:05  Pylon  
  24  2:06  Probe  
  29  2:18  Probe  
  30  2:27  Stalker  
  32  2:30  Probe  
  32  2:31  Sentry  
  35  2:42  Probe  
  36  2:50  Nexus  
  36  2:58  Sentry  
  38  3:01  Pylon  
  38  3:05  Probe  
  39  3:07  Pylon  
  39  3:12  Robotics Facility  
  39  3:17  Shield Battery  
  39  3:25  Probe  
  40  3:38  Probe (Chrono Boost)  
  40  3:50  Probe (Chrono Boost)  
  40  3:52  Adept x2  
  45  3:59  Probe (Chrono Boost), Immortal (Chrono Boost)  
  50  4:04  Probe x2  
  52  4:10  Pylon  
  54  4:20  Zealot x2  
  54  4:23  Probe x2  
  58  4:31  Immortal (Chrono Boost)  
  62  4:40  Sentry x2  
  66  4:46  Shield Battery  
  66  4:59  Probe  
  67  5:09  Pylon  
  67  5:10  Pylon  
  67  5:13  Warp Prism (Chrono Boost)  
  69  5:19  Adept  
  69  5:24  Twilight Council  
  69  5:25  Pylon  
  67  5:30  Zealot  
  67  5:31  Probe x2  
  69  5:43  Probe  
  67  5:50  Adept x2  
  67  5:54  Probe  
  68  5:58  Immortal  
  68  6:06  Probe  
  68  6:09  Probe  
  66  6:15  Stalker  
  66  6:16  Stalker  
  66  6:18  Probe  
  68  6:21  Probe  
  59  6:30  Probe  
  42  6:36  Probe  
  35  6:40  Stalker  
  35  6:41  Stalker  
  29  6:50  Probe x2  

Tags
 
Add a new tag
Caveats
  • Supply blocks, unpowered buildings, or Contaminate may cause inaccurate times.
  • Supply counts are checked every 10 seconds.